Map: Arctic Dream LE

Players

qqq - Winner!

  • Race: Zerg Zerg
  • League: Platinum
  • Spawn Location: 6:00

Massa - Winner!

  • Race: Terran Terran
  • League: Gold
  • Spawn Location: 5:00

rtet

  • Race: Terran Terran
  • League: Platinum
  • Spawn Location: 11:00

Stormy

  • Race: Zerg Zerg
  • Spawn Location: 12:00

VOD

Have the link to the VOD?

Description

Time

  • Played on: May 19, 2020, 2:46 p.m.
  • Length: 6:39
Show
View Real Time Build Order
Export as new Build Order

qqq Zerg - Winner!

Build Orders: Hatch First, Zergling Baneling 

Get SALT Encoding   

  12  0:01  Drone  
  13  0:13  Drone  
  14  0:36  Hatchery  
  13  0:50  Spawning Pool  
  12  0:58  Overlord  
  12  1:03  Drone  
  13  1:08  Drone  
  14  1:22  Drone  
  14  1:24  Drone  
  16  1:28  Extractor  
  15  1:33  Drone  
  15  1:37  Queen  
  18  1:43  Zergling x2  
  19  1:50  Drone  
  19  1:53  Zergling x2  
  21  1:59  Queen  
  21  2:01  Drone  
  24  2:04  Zergling x2  
  25  2:10  Zergling x2  
  26  2:16  Zergling x2  
  27  2:25  Zergling x2  
  27  2:27  Overlord  
  28  2:35  Overlord  
  28  2:37  Overlord  
  28  2:42  Metabolic Boost  
  28  2:47  Zergling x2  
  28  2:49  Zergling x2  
  30  2:53  Zergling x2  
  30  2:56  Zergling x2  
  32  3:00  Zergling x2  
  33  3:07  Zergling x2  
  33  3:08  Zergling x2  
  33  3:10  Zergling x2  
  36  3:21  Zergling x2, Baneling Nest  
  36  3:23  Drone  
  36  3:26  Zergling x2  
  38  3:32  Zergling x4  
  40  3:45  Zergling x6  
  40  4:00  Zergling x8  
  40  4:01  Zergling x2  
  45  4:06  Baneling x4  
  45  4:07  Baneling  
  45  4:10  Zergling x2  
  45  4:15  Zergling x2  
  45  4:16  Zergling x2  
  37  4:28  Zergling x2  
  38  4:34  Zergling x2  
  38  4:35  Zergling x8  
  41  4:42  Baneling x3  
  38  4:51  Zergling x6  
  38  5:11  Zergling x4  
  38  5:12  Zergling x6  
  43  5:24  Zergling x8  
  42  5:45  Zergling x4  
  42  5:46  Zergling x6  
  42  5:47  Zergling x2  
  38  6:06  Zergling x4  
  38  6:07  Zergling x2  
Show
View Real Time Build Order
Export as new Build Order

Massa Terran - Winner!

Build Orders:  

Get SALT Encoding   

  12  0:10  Supply Depot  
  12  0:13  SCV  
  13  0:25  SCV  
  14  0:36  Barracks  
  14  0:38  SCV  
  15  0:50  SCV  
  15  0:55  Supply Depot  
  16  1:02  SCV  
  17  1:14  SCV  
  18  1:26  SCV  
  18  1:30  Barracks  
  18  1:31  Barracks, Marine  
  20  1:43  SCV  
  21  1:54  Marine  
  21  2:00  Barracks  
  22  2:12  Marine  
  23  2:34  Marine x3  
  26  2:41  Supply Depot  
  26  2:44  Orbital Command  
  26  2:47  Marine  
  26  2:48  Refinery, Supply Depot  
  27  2:52  Marine x3  
  30  3:05  Marine  
  31  3:09  Marine  
  31  3:10  Marine x2  
  33  3:19  SCV  
  34  3:23  Marine  
  35  3:27  Marine x2  
  35  3:28  Marine  
  38  3:41  Marine  
  39  3:45  Marine x3  
  42  3:58  Marine  
  43  4:03  Factory, Marine x3  
  46  4:16  Marine  
  46  4:21  Marine x2  
  46  4:22  Marine  
  44  4:34  Marine  
  43  4:39  Marine x2  
  45  4:55  Marine x2  
  47  5:03  Supply Depot  
  47  5:06  Supply Depot  
  47  5:10  Marine x2  
  47  5:13  Marine x2  
  51  5:28  Marine  
  51  5:51  Marine x4  
  54  6:09  Marine x4  
Show
View Real Time Build Order
Export as new Build Order

rtet Terran 

Build Orders: Reaper Expand 

Get SALT Encoding   

  12  0:00  SCV  
  13  0:14  Supply Depot  
  13  0:18  SCV  
  14  0:30  SCV  
  15  0:37  Barracks  
  15  0:43  Refinery  
  15  0:45  SCV  
  16  0:57  SCV  
  17  1:10  SCV  
  18  1:22  SCV  
  19  1:28  Reaper  
  20  1:34  SCV  
  20  1:38  Command Center  
  21  1:51  Supply Depot  
  21  2:15  Barracks Tech Lab, Orbital Command  
  21  2:18  Refinery  
  21  2:23  Factory  
  21  3:05  Marine, Stimpack  
  22  3:07  Factory Tech Lab  
  22  3:09  SCV  
  23  3:14  Orbital Command  
  23  3:21  SCV  
  23  3:23  Marine  
  23  3:25  Supply Depot  
  25  3:27  Supply Depot  
  25  3:30  Starport  
  25  3:33  SCV  
  26  3:40  Siege Tank  
  29  3:44  SCV  
  29  3:45  SCV  
  29  3:46  Marine  
  32  3:57  SCV  
  33  4:04  Marine  
  33  4:09  SCV  
  35  4:22  Marine  
  36  4:25  Medivac  
  36  4:27  Siege Tank  
  41  4:39  Marine  
  40  4:55  Medivac  
  40  4:57  Marine  
  42  5:15  Marine  
  43  5:33  Marine  
  38  5:51  Marine  
  38  5:53  Medivac, Siege Tank  
  44  6:08  Marine  
Show
View Real Time Build Order
Export as new Build Order

Stormy Zerg 

Build Orders: Hatch First 

Get SALT Encoding   

  12  0:02  Drone  
  13  0:13  Overlord  
  13  0:16  Drone  
  14  0:31  Drone x2  
  16  0:39  Drone  
  17  0:56  Drone  
  18  1:00  Hatchery  
  18  1:03  Extractor  
  16  1:16  Spawning Pool  
  15  1:19  Drone x2  
  15  1:21  Drone  
  18  1:41  Drone  
  19  1:54  Drone  
  19  1:55  Overlord  
  20  2:03  Queen  
  20  2:07  Metabolic Boost  
  22  2:13  Queen  
  24  2:18  Drone x3  
  27  2:26  Zergling x4  
  29  2:36  Zergling x2  
  30  2:43  Overlord  
  30  2:46  Queen  
  30  2:49  Drone x2  
  34  2:57  Baneling Nest  
  33  2:59  Extractor  
  33  3:03  Zergling x2  
  33  3:04  Zergling x2  
  34  3:20  Zergling x4  
  34  3:21  Zergling x8  
  40  3:28  Overlord  
  40  3:29  Drone  
  41  3:34  Drone  
  41  3:35  Drone x2  
  44  3:41  Baneling  
  44  3:42  Baneling x6  
  44  3:45  Overlord  
  42  3:59  Zergling x2  
  42  4:00  Zergling x2  
  44  4:02  Overlord  
  44  4:03  Overlord  
  44  4:14  Overlord  
  44  4:16  Zergling x10  
  31  4:40  Zergling x4  
  31  4:41  Zergling x4  
  31  4:50  Zergling x2  
  31  4:51  Zergling x6  
  23  5:04  Zergling x2  
  23  5:05  Zergling x2  
  19  5:16  Baneling x3  
  19  5:27  Baneling x2  
  3  5:53  Drone  
  3  5:54  Drone x5  
  6  5:57  Drone  
  6  5:58  Drone  
Tags
 
Add a new tag
Caveats
  • Supply blocks, unpowered buildings, or Contaminate may cause inaccurate times.
  • Supply counts are checked every 10 seconds.